 Dungeon Crawl Stone Soup version 0.16.0 (webtiles) character file.

157 Sixotanaka the Grave Robber (level 5, -7/35 HPs)
             Began as a Human Necromancer on Mar 17, 2015.
             Killed by divine providence
             ... invoked by an orc priest
              (17 damage)
             ... on level 3 of the Dungeon.
             The game lasted 00:06:52 (2725 turns).

Sixotanaka the Grave Robber (Human Necromancer)     Turns: 2725, Time: 00:06:52

Health: -7/35      AC:  3    Str:  9    XL:     5   Next: 66%
Magic:  9/9        EV: 12    Int: 20    God:
Gold:   104        SH:  0    Dex: 14    Spells: 1 memorised, 7 levels left

rFire  . . .     SeeInvis +     m - +1 spear (vamp) {!w}
rCold  . . .     Clarity  .     k - +0 leather armour
rNeg   . . .     SustAb   .     (no shield)
rPois  .         Gourm    .     (no helmet)
rElec  .         Spirit   .     (no cloak)
rCorr  .         Warding  .     (no gloves)
rMut   .         Stasis   .     (no boots)
MR     .....                    u - amulet of inaccuracy (curse)
Stlth  ++........               h - +5 ring of intelligence
                                g - ring of see invisible

@: not resistant to hostile enchantments, unstealthy
A: no striking features
a: no special abilities


You were on level 3 of the Dungeon.
You were not hungry.

You visited 1 branch of the dungeon, and saw 3 of its levels.

You collected 104 gold pieces.


   Skills:
 - Level 2.0 Dodging
 - Level 2.0 Stealth
 - Level 2.0 Spellcasting
 + Level 6.5 Necromancy


You had 7 spell levels left.
You knew the following spells:

 Your Spells              Type           Power        Failure   Level  Hunger
z - Pain                  Necr           ####         1%          1    #......


Dungeon Overview and Level Annotations

Branches:
Dungeon (3/15)

Altars:
Dithmenos
Gozag

Inventory:

Hand weapons
 m - a +1 vampiric spear (weapon) {!w}
   (You found it on level 1 of the Dungeon)
Missiles
 j - 3 curare-tipped needles
Armour
 k - a +0 leather armour (worn)
Jewellery
 g - a ring of see invisible (left hand)
 h - a +5 ring of intelligence (right hand)
 u - a cursed amulet of inaccuracy (around neck)
Scrolls
 d - a scroll of identify {@r1}
 e - a scroll of teleportation {@r4}
Potions
 f - a potion of restore abilities {unknown}
 i - a potion of magic {unknown}
 n - a potion of curing {unknown}
 o - a potion of cure mutation {unknown}
 r - 2 potions of heal wounds {@q2}
 t - a potion of invisibility {unknown}
Books
 b - a book of Necromancy
Comestibles
 a - 2 chunks of flesh
 c - 2 bread rations
 l - a meat ration
 q - 5 fruits

#########.# #o##.##
###.# #.##.#
#...########.##.##.#
#.....(......##.##.#
#...###########.# ##..#
#.# #..# #########.#
..######<.###.....o.[.#
..........@..o#########
..######).#########.
#..####.......
#.......# #.####### #.#
#.# #.#####...#
#...gg....#


You could see an orc priest and an orc.


Message History

You kill the orc!
The worm convulses in agony!
You kill the worm!
An orc comes into view. It is wielding a club.
You see here a worm corpse.
The orc shouts!
You see here a worm corpse.
You butcher the worm corpse.
You see here a chunk of flesh.
The orc convulses in agony!
You kill the orc!
You can't see any susceptible monsters within range! (Use Z to cast anyway.) Unknown command.
Things that are here:
a club; a leather armour There isn't anything to butcher here.
a - a chunk of flesh An orc priest comes into view.
It is wielding a club.
You start resting.
Eating a chunk of flesh.
You continue eating. x2
Things that are here:
a club; a ring mail There isn't anything to butcher here.
a - 2 chunks of flesh You see here a club.
A crimson imp comes into view.
The crimson imp shouts!
You hear a shout!
You hear a shout!
You miss the crimson imp. The crimson imp barely misses you.
An orc comes into view. It is wielding a flail.
You miss the crimson imp. The crimson imp closely misses you.
You closely miss the crimson imp.
The crimson imp shouts, "Scamper home, thou venomed dizzy-eyed nothing!"
The crimson imp completely misses you. The crimson imp hits you.
You completely miss the crimson imp. The crimson imp closely misses you.
You closely miss the crimson imp. The crimson imp barely misses you.
You barely miss the crimson imp. The crimson imp barely misses you.
You closely miss the crimson imp.
The orc priest utters an invocation to Beogh.
You feel a wave of unholy energy pass over you.
The crimson imp misses you.
You barely miss the crimson imp. The crimson imp hits you.
You hit the crimson imp but do no damage.
The crimson imp hits you but does no damage.
You miss the crimson imp.
The crimson imp hits you but does no damage.
The orc priest calls down the wrath of Beogh upon you.
Something smites you!
You closely miss the crimson imp. The crimson imp hits you.
You closely miss the crimson imp. The crimson imp hits you.
* * * LOW HITPOINT WARNING * * *
The crimson imp blinks!
The crimson imp shouts, "Decamp, thou gorbellied boil-brained surfacer!"
The orc barely misses you.
Things that are here:
a dagger; a leather armour The crimson imp blinks!
You see here a flail.
Things that are here:
a dagger; a ring mail
Things that are here:
a club; a flail; a ring mail The orc priest invokes the aid of Beogh against you.
Something smites you!
* * * LOW HITPOINT WARNING * * *
The orc priest glows brightly for a moment.
The crimson imp blinks!
You see here a +0 robe.
The orc priest mumbles some strange prayers to Beogh against you.
Something smites you!
You die...

Action                   |  1- 3 |  4- 6 || total
-------------------------+-------+-------++-------
Melee: Club              |     4 |       ||     4
       Spear             |       |    37 ||    37
 Cast: Pain              |    33 |    80 ||   113
  Use: Scroll            |       |     6 ||     6
  Eat: Bread ration      |     2 |       ||     2
       Chunk             |       |     2 ||     2

Vault maps used:
D:1:      minmay_arrival_four_houses
D:2:      first_bread, nicolae_dithmenos_shadow_blocks
D:3:      gammafunk_temple_overflow_elements, nicolae_gozag_seed_capital

Notes
Turn   | Place    | Note
--------------------------------------------------------------
     0 | D:1      | Sixotanaka, the Human Necromancer, began the quest for the Orb.
     0 | D:1      | Reached XP level 1. HP: 13/13 MP: 3/3
   425 | D:1      | Reached XP level 2. HP: 19/19 MP: 2/4
   870 | D:2      | Reached XP level 3. HP: 20/24 MP: 0/6
   893 | D:2      | Reached skill level 5 in Necromancy
  1057 | D:2      | Reached XP level 4. HP: 23/30 MP: 0/7
  1280 | D:2      | Found a shadowy altar of Dithmenos.
  1283 | D:2      | Fiveotanaka: them killer bees
  1283 | D:2      | Sixotanaka: lol
  1394 | D:2      | Sixotanaka: shouldn't play early game before coffee
  1394 | D:2      | Sixotanaka: in the morning
  1976 | D:3      | Found an opulent altar of Gozag.
  2069 | D:3      | Reached skill level 6 in Necromancy
  2069 | D:3      | Reached XP level 5. HP: 32/35 MP: 5/9
  2087 | D:3      | Fiveotanaka: thats how i kill off my characters so easy
  2181 | D:3      | Fiveotanaka: morning and me dont mix well :P
  2505 | D:3      | Fiveotanaka: hm
  2528 | D:3      | Fiveotanaka: today seems like a nice day to have another good walk
  2543 | D:3      | Fiveotanaka: i walked to the city on monday, caught up with a mate for lunch
  2672 | D:3      | Fiveotanaka: oh wow
  2672 | D:3      | Sixotanaka: i was in the city on monday
  2710 | D:3      | HP: 8/35 [orc priest/divine providence (13)]
  2713 | D:3      | Fiveotanaka: when are you normally in the city?
  2725 | D:3      | Killed from afar by an orc priest

Vanquished Creatures
  An adder (D:2)
  7 gnolls
  2 worms
  2 giant geckos (D:2)
  7 orcs (D:3)
  2 ball pythons
  3 giant cockroaches
  3 goblins (D:2)
  6 hobgoblins
  4 jackals (D:3)
  3 quokkas
  3 bats
  5 giant newts
  6 kobolds
  4 rats
58 creatures vanquished.
